 Dungeon Sprint DCSS version 0.28.0-53-g5a82cb258f (webtiles) character file.

Game seed: 15338099311691090844

1600000 Zeld the Spry (level 14, -9/117 HPs)
             Began as a Djinni Monk on June 6, 2022.
             Was a Believer of Makhleb.
             Mangled by a meat berserker
             ... wielding a +9 battleaxe
              (62 damage)
             ... in the Dungeon (Sprint VIII: "Arena of Blood").
             The game lasted 00:00:18 (16 turns).

Zeld the Spry (Djinni Monk)                           Turns: 16, Time: 00:00:19

Health: -9/117     AC:  2    Str: 14    XL:     14   Next: 11%
Gold:   0          EV: 22    Int: 13    God:    Makhleb [**....] SH:  0 Dex: 16

rFire   + + .      SeeInvis .   g - +∞ Axe of Woe
rCold   x . .      Faith    .   (shield currently unavailable)
rNeg    . . .      Spirit   .   a - +0 robe
rPois   ∞          Reflect  .   (no helmet)
rElec   .          Harm     .   (no cloak)
rCorr   .          Rampage  .   (no gloves)
Will    +....      NoTele   +   (boots unavailable)
Stlth   +++.......              (no amulet)
HPRegen 0.29/turn               (no ring)
MPRegen 0.00/turn               (no ring)

@: flying
A: sickness immunity, fire resistance 2, cold vulnerability 1, float, innate
caster, HP casting, extra vitality 1
a: Renounce Religion, Minor Destruction


You were in the Dungeon.
You worshipped Makhleb.
Makhleb was pleased with you.
You visited 1 branch

Inventory:

Hand Weapons
 g - the +∞ Axe of Woe (weapon)
   (You found it in the Dungeon)
Armour
 a - a +0 robe (worn)
Scrolls
 f - a scroll of blinking
Potions
 b - a potion of curing
 c - a potion of heal wounds
 d - a potion of haste
 e - a potion of berserk rage


   Skills:
 + Level 16.5 Fighting
 * Level 12.1 Axes
 + Level 17.6 Dodging
 + Level 5.1 Stealth
 + Level 16.0 Unarmed Combat
 * Level 11.1 Spellcasting
 * Level 14.0 Invocations


You had 15 spell levels left.
You knew the following spells:

 Your Spells              Type           Power      Damage    Failure   Level
a - Summon Small Mammal   Summ           100%       N/A       1%          1
b - Call Imp              Summ           36%        N/A       1%          2
c - Tukima's Dance        Hex            36%        N/A       1%          3
d - Animate Dead          Necr           18%        N/A       1%          4
e - Silence               Hex/Air        18%        N/A       2%          5
f - Fireball              Conj/Fire      18%        3d9       2%          5
Your spell library was empty.

Dungeon Overview and Level Annotations

Branches:
Dungeon (1/1)

Altars:
Makhleb


Innate Abilities, Weirdness & Mutations

You are immune to sickness and miasma.
You are immune to poison.
Your flesh is very heat resistant. (rF++)
You are vulnerable to cold. (rC-)
You float through the air rather than walking.
You learn spells naturally, not from books.
Your magical power is your life essence.
You have superior vitality. (+4 MHP)


Message History

You hear a shout! x5
A meat berserker comes into view. It is wielding a +9 battleaxe.
You hear a shout!
You slash the meat berserker!
You cleave the meat berserker in twain.
You kill the meat berserker!
Makhleb accepts your kill.
You feel better.
You hear a shout! x3
A meat berserker comes into view. It is wielding a +9 battleaxe.
A bag of meat comes into view. It is wielding a +9 war axe.
You hear a shout! x4
A bag of meat comes into view. It is wielding a +9 war axe.
You hear a shout!
Your Fighting skill gained 2 levels and is now at level 16!
Your Axes skill gained 2 levels and is now at level 12!
Your Dodging skill increases to level 17!
Your Stealth skill increases to level 5!
Your Unarmed Combat skill gained 2 levels and is now at level 16!
Your Spellcasting skill gained 2 levels and is now at level 11!
Your Invocations skill gained 2 levels and is now at level 14!
You have reached level 14!
Unknown command.
The meat berserker appears out of thin air!
A meat berserker comes into view. It is wielding a +9 battleaxe.
The meat berserker shouts!
You hear a shout! x11
Unknown command.
You hear a shout!
The meat berserker rages.
You hear a shout! x3
A meat berserker comes into view. It is wielding a +9 battleaxe.
You hear a shout! x5
A meat berserker comes into view. It is wielding a +9 battleaxe.
You hear a shout! x3
You hear a shout! x7
A meat berserker comes into view. It is wielding a +9 battleaxe.
You hear a shout! x4
The meat berserker rages.
The meat berserker hits you with a +9 battleaxe!!!
Ouch! That really hurt!
You die...

.. .. .. .. #.
.# #.. O.#
.###.. ..###.
.O....###......
......._.......
....#..)..#....
. #_O@O_# .
#..)..#
....o_.....
......###O.....
.###.. ..###.
#.. O.# #.. ..#
.. ..


You could see 6 meat berserkers and a bag of meat.

Vanquished Creatures
  2 ogres (D)
  An orc (D)
3 creatures vanquished.

Notes
Turn   | Place    | Note
-------+----------+-------------------------------------------
     0 | D        | Found the +∞ Axe of Woe
     0 | D        | Zeld the Djinni Monk began the quest for the Orb.
     0 | D        | Reached XP level 1. HP: 20/20 MP: 0/0
     3 | D        | Noticed a meat berserker
     4 | D        | Became a worshipper of Makhleb the Destroyer
     4 | D        | Reached * piety under Makhleb
     4 | D        | Reached ** piety under Makhleb
     5 | D        | Killed a meat berserker
     5 | D        | Noticed a bag of meat
     6 | D        | Reached skill level 14 in Dodging
     6 | D        | Reached XP level 2. HP: 40/40 MP: 0/0
     6 | D        | Reached XP level 3. HP: 46/46 MP: 0/0
     6 | D        | Learned a level 1 spell: Summon Small Mammal
     6 | D        | Reached XP level 4. HP: 52/52 MP: 0/0
     6 | D        | Reached XP level 5. HP: 58/58 MP: 0/0
     6 | D        | Learned a level 2 spell: Call Imp
     6 | D        | Reached XP level 6. HP: 64/64 MP: 0/0
     6 | D        | Reached XP level 7. HP: 69/69 MP: 0/0
     6 | D        | Learned a level 3 spell: Tukima's Dance
     6 | D        | Reached XP level 8. HP: 76/76 MP: 0/0
     6 | D        | Reached XP level 9. HP: 81/81 MP: 0/0
     6 | D        | Learned a level 4 spell: Animate Dead
     6 | D        | Reached XP level 10. HP: 87/87 MP: 0/0
     6 | D        | Reached XP level 11. HP: 93/93 MP: 0/0
     6 | D        | Learned a level 5 spell: Silence
     6 | D        | Reached XP level 12. HP: 99/99 MP: 0/0
     9 | D        | Killed a bag of meat
    10 | D        | Reached skill level 10 in Axes
    10 | D        | Reached skill level 16 in Dodging
    10 | D        | Reached XP level 13. HP: 106/106 MP: 0/0
    10 | D        | Learned a level 5 spell: Fireball
    10 | D        | Noticed a meat berserker
    12 | D        | Noticed a meat berserker
    13 | D        | Killed a meat berserker
    13 | D        | Noticed a meat berserker
    13 | D        | Noticed a bag of meat
    13 | D        | Noticed a bag of meat
    14 | D        | Reached skill level 17 in Dodging
    14 | D        | Reached skill level 5 in Stealth
    14 | D        | Reached XP level 14. HP: 52/117 MP: 0/0
    14 | D        | Noticed a meat berserker
    15 | D        | Noticed a meat berserker
    15 | D        | Noticed a meat berserker
    16 | D        | Noticed a meat berserker
    16 | D        | Mangled by a meat berserker

Illustrated notes

Levels and vault maps discovered:
D:        meatsprint

Skill      XL: |  1  2  3  4  5  6  7  8  9 10 11 12 13 |
---------------+----------------------------------------+-----
Fighting       | 13 14 16 | 16.5
Axes           | 9 10 12 | 12.1
Dodging        | 14 16 17 | 17.6
Stealth        | 4 5 |  5.1
Unarmed Combat | 13 14 16 | 16.0
Spellcasting   | 8 9 11 | 11.1
Invocations    | 11 12 14 | 14.0

Action                   |  1- 3 |  4- 6 |  7- 9 | 10-12 | 13-15 || total
-------------------------+-------+-------+-------+-------+-------++-------
Melee: Executioner's axe |     1 |       |       |     1 |     1 ||     3
 Cast: Fireball          |       |       |       |       |     1 ||     1
